[Event "Slovakia Open Piestany-A 2022"]
[Site "Piestany"]
[Date "2022.07.12"]
[Round "1.20"]
[White "Niedbala, Bartlomiej"]
[Black "Warchol, Kamil"]
[Result "1-0"]
[ECO "B60"]
[WhiteElo "2381"]
[BlackElo "2121"]
[Annotator "ChessBase"]
[PlyCount "63"]
[EventDate "2022.07.12"]
[EventType "swiss"]
[EventCountry "SVK"]
[SourceTitle "playchess.com"]
[Source "ChessBase"]
[SourceQuality "1"]
[TimeControl "40/5400+30:1800+30"]

1. e4 c5 2. Nf3 d6 3. d4 cxd4 4. Nxd4 Nf6 5. Nc3 Nc6 6. Bg5 Qb6 7. Nb3 e6 8. Bf4 Ne5 9. Be3 Qc7 10. f4 Nc6 11. g4 h6 12. Qf3 a6 13. h4 Nd7 14. g5 b5 15. g6 fxg6 16. O-O-O Rb8 17. Qg3 Ne7 18. Bd3 Nc5 19. Nxc5 dxc5 20. e5 Bb7 21. Bxb5+ axb5 22. Nxb5 Qc6 23. Nd6+ Kd7 24. Nxb7+ Nd5 25. c4 Qxb7 26. Qg2 Qa6 27. cxd5 Qxa2 28. dxe6+ Kc7 29. Rd7+ Kb6 30. Qxg6 Ka6 31. e7+ Rb6 32. Qd3+ 1-0

[Event "Slovakia Open Piestany-A 2022"]
[Site "Piestany"]
[Date "2022.07.12"]
[Round "1.21"]
[White "Soham Datar"]
[Black "Favaloro, Andrea"]
[Result "0-1"]
[ECO "C88"]
[WhiteElo "2111"]
[BlackElo "2361"]
[Annotator "ChessBase"]
[PlyCount "58"]
[EventDate "2022.07.12"]
[EventType "swiss"]
[EventCountry "SVK"]
[SourceTitle "playchess.com"]
[Source "ChessBase"]
[SourceQuality "1"]
[TimeControl "40/5400+30:1800+30"]

1. e4 e5 2. Nf3 Nc6 3. Bb5 a6 4. Ba4 Nf6 5. O-O Be7 6. Re1 b5 7. Bb3 O-O 8. h3 Na5 9. Nxe5 Nxb3 10. axb3 Bb7 11. d3 d5 12. exd5 Qxd5 13. Qf3 Bd6 14. Qxd5 Nxd5 15. Bd2 Rfe8 16. Nf3 c5 17. c4 Nc7 18. Nc3 Red8 19. Ne4 Bf8 20. Ba5 Rdc8 21. Bxc7 Rxc7 22. cxb5 axb5 23. Rxa8 Bxa8 24. Ra1 Bd5 25. Ra5 b4 26. Ned2 Rd7 27. Ne5 Re7 28. d4 f6 29. Rxc5 Rxe5 0-1

[Event "Slovakia Open Piestany-A 2022"]
[Site "Piestany"]
[Date "2022.07.11"]
[Round "1.22"]
[White "Marek, Matyas"]
[Black "Zdrazil, Patrik"]
[Result "1-0"]
[ECO "A00"]
[WhiteElo "2354"]
[BlackElo "2103"]
[Annotator "ChessBase"]
[PlyCount "59"]
[EventDate "2022.07.12"]
[EventType "swiss"]
[EventCountry "SVK"]
[SourceTitle "playchess.com"]
[Source "ChessBase"]
[SourceQuality "1"]
[TimeControl "40/5400+30:1800+30"]

1. Nf3 Nf6 2. g3 g6 3. Bg2 Bg7 4. O-O O-O 5. d3 d6 6. e4 e5 7. Nbd2 Nc6 8. Re1 Re8 9. c3 h6 10. b4 d5 11. Bb2 dxe4 12. dxe4 b6 13. Qe2 Bb7 14. a4 a5 15. b5 Nb8 16. Red1 Nbd7 17. Ne1 c6 18. Nc4 Qc7 19. Nd6 Re6 20. Nxb7 Qxb7 21. Nc2 Ree8 22. Ne3 h5 23. Nc4 Bf8 24. Nd6 Bxd6 25. Rxd6 c5 26. Rad1 Kg7 27. c4 Re7 28. f4 Ne8 29. R6d5 f6 30. Bh3 1-0

[Event "Slovakia Open Piestany-A 2022"]
[Site "Piestany"]
[Date "2022.07.12"]
[Round "1.23"]
[White "Compel, Daniel"]
[Black "Farkas, Gabor"]
[Result "1/2-1/2"]
[ECO "A37"]
[WhiteElo "2098"]
[BlackElo "2335"]
[Annotator "ChessBase"]
[PlyCount "87"]
[EventDate "2022.07.12"]
[EventType "swiss"]
[EventCountry "SVK"]
[SourceTitle "playchess.com"]
[Source "ChessBase"]
[SourceQuality "1"]
[TimeControl "40/5400+30:1800+30"]

1. Nf3 c5 2. c4 Nc6 3. Nc3 e5 4. g3 d6 5. Bg2 g6 6. d3 Bg7 7. O-O Nge7 8. a3 O-O 9. Rb1 a5 10. Nd5 f5 11. b3 h6 12. Nd2 Be6 13. Bb2 Kh7 14. Bc3 Bg8 15. Nxe7 Qxe7 16. b4 axb4 17. axb4 Ra3 18. Bb2 Ra7 19. bxc5 dxc5 20. Ra1 Rfa8 21. Qb3 Nb4 22. Rxa7 Rxa7 23. Ra1 Rxa1+ 24. Bxa1 b5 25. Qc3 bxc4 26. Nxc4 e4 27. Qxg7+ Qxg7 28. Bxg7 Bxc4 29. Bf8 exd3 30. exd3 Nxd3 31. Bf1 Ne5 32. Bxc4 Nxc4 33. Bxc5 Ne5 34. Kg2 g5 35. Bd4 Nd3 36. Bc3 Kg6 37. h3 Nc5 38. Bd2 Ne4 39. Bc1 h5 40. g4 fxg4 41. hxg4 hxg4 42. f3 gxf3+ 43. Kxf3 g4+ 44. Kxg4 1/2-1/2

[Event "Slovakia Open Piestany-A 2022"]
[Site "Piestany"]
[Date "2022.07.11"]
[Round "1.24"]
[White "Dixit, Nikhil"]
[Black "Balint, Peter"]
[Result "1/2-1/2"]
[ECO "A00"]
[WhiteElo "2325"]
[BlackElo "2051"]
[Annotator "ChessBase"]
[PlyCount "89"]
[EventDate "2022.07.12"]
[EventType "swiss"]
[EventCountry "SVK"]
[SourceTitle "playchess.com"]
[Source "ChessBase"]
[SourceQuality "1"]
[TimeControl "40/5400+30:1800+30"]

1. e4 c5 2. Nf3 e6 3. d4 cxd4 4. Nxd4 a6 5. Nc3 b5 6. a3 Bb7 7. Bd3 Bc5 8. Nb3 Be7 9. O-O Nc6 10. Qe2 Ne5 11. Be3 Nf6 12. f4 Nxd3 13. cxd3 d6 14. Nd4 O-O 15. Kh1 Rc8 16. Rf3 Re8 17. Raf1 Bf8 18. Rg3 Nd7 19. f5 e5 20. Nc2 d5 21. Nxd5 Bxd5 22. exd5 Nf6 23. Bg5 e4 24. Ne3 Bd6 25. Rh3 Be7 26. Bxf6 Bxf6 27. Ng4 exd3 28. Qxd3 Rc4 29. Nxf6+ Qxf6 30. Re3 Rd8 31. Rd1 h6 32. h3 Qd6 33. Qe2 Kf8 34. Re5 Rc6 35. Qe4 Rc4 36. Qe3 Rc2 37. Re1 Rcc8 38. b4 Kg8 39. Rd1 Kf8 40. Re1 Kg8 41. Rf1 Qf6 42. Qe4 Rc4 43. Qe3 Rcc8 44. Qe4 Rc4 45. Qe3 1/2-1/2

[Event "Slovakia Open Piestany-A 2022"]
[Site "Piestany"]
[Date "2022.07.11"]
[Round "1.25"]
[White "Sevcikova, Lucia"]
[Black "Bhambure, Shantanu"]
[Result "0-1"]
[ECO "A00"]
[WhiteElo "2036"]
[BlackElo "2320"]
[Annotator "ChessBase"]
[PlyCount "155"]
[EventDate "2022.07.12"]
[EventType "swiss"]
[EventCountry "SVK"]
[SourceTitle "playchess.com"]
[Source "ChessBase"]
[SourceQuality "1"]
[TimeControl "40/5400+30:1800+30"]

1. d4 Nf6 2. c4 e6 3. Nc3 Bb4 4. e3 b6 5. Bd3 Bb7 6. Nf3 O-O 7. O-O c5 8. a3 Bxc3 9. bxc3 Ne4 10. Qc2 f5 11. Nd2 Nxd2 12. Bxd2 Nc6 13. f3 Qf6 14. Be1 d6 15. Bg3 e5 16. d5 Na5 17. a4 g5 18. Be1 Ba6 19. Qe2 Rae8 20. Bd2 Qg6 21. e4 f4 22. Rab1 h5 23. Kh1 Kh8 24. Rg1 g4 25. Rbf1 Bc8 26. Qd1 h4 27. h3 gxh3 28. gxh3 Qh5 29. Kh2 Rg8 30. Rg4 Qh7 31. Be1 Bxg4 32. hxg4 h3 33. Rh1 Kg7 34. Kg1 Rh8 35. Rh2 Kf7 36. Bf1 Ke7 37. Qe2 Qh6 38. Qb2 Kd8 39. Qc2 Reg8 40. Qe2 Qg5 41. Qb2 Kc7 42. Qe2 Qg7 43. Kh1 Rh6 44. Qa2 Rg6 45. Qf2 Qh7 46. Qc2 Nb7 47. Be2 Nd8 48. Qb1 Qe7 49. Qc2 Nf7 50. Bd1 Ng5 51. Be2 a6 52. Qa2 Qh7 53. Qb1 Qf7 54. Qd3 Rf6 55. Bd1 Qd7 56. Qe2 Rb8 57. Bh4 Rg6 58. Bxg5 Rxg5 59. Rxh3 Rg7 60. Qa2 Rh7 61. Rxh7 Qxh7+ 62. Kg1 Rh8 63. Qg2 Qh4 64. Kf1 Qh1+ 65. Qg1 Rh2 66. Qxh1 Rxh1+ 67. Ke2 Kd8 68. Kd2 Ke7 69. Be2 Kf6 70. Bd1 Kg5 71. Be2 Kh4 72. Bd1 Kg3 73. Ke2 Rh2+ 74. Kd3 Kf2 75. Kd2 Kf1+ 76. Kc1 Ke1 77. Bc2 Rd2 78. Bb3 0-1

[Event "Slovakia Open Piestany-A 2022"]
[Site "Piestany"]
[Date "2022.07.12"]
[Round "1.26"]
[White "Pniaczek, Marek"]
[Black "Brhel, Jan"]
[Result "0-1"]
[ECO "C78"]
[WhiteElo "2312"]
[BlackElo "2018"]
[Annotator "ChessBase"]
[PlyCount "59"]
[EventDate "2022.07.12"]
[EventType "swiss"]
[EventCountry "SVK"]
[SourceTitle "playchess.com"]
[Source "ChessBase"]
[SourceQuality "1"]
[TimeControl "40/5400+30:1800+30"]

1. e4 e5 2. Nf3 Nc6 3. Bb5 a6 4. Ba4 Nf6 5. O-O b5 6. Bb3 Bc5 7. a4 Rb8 8. Re1 d6 9. c3 O-O 10. d4 Bb6 11. a5 Ba7 12. h3 exd4 13. cxd4 h6 14. Be3 Re8 15. Nbd2 Nb4 16. d5 Bxe3 17. Rxe3 c5 18. Qb1 Nh5 19. Nf1 Qf6 20. Bd1 Rb7 21. N3h2 Nf4 22. Rf3 Qg5 23. Rg3 Qe5 24. Bf3 Nbd3 25. b3 f5 26. exf5 Bxf5 27. Ne3 Qd4 28. Qd1 Rxe3 29. fxe3 Qxe3+ 30. Kf1 0-1

[Event "Slovakia Open Piestany-A 2022"]
[Site "Piestany"]
[Date "2022.07.11"]
[Round "1.27"]
[White "Walter, Ema"]
[Black "Turcan, Richard"]
[Result "0-1"]
[ECO "A00"]
[WhiteElo "2000"]
[BlackElo "2304"]
[Annotator "ChessBase"]
[PlyCount "70"]
[EventDate "2022.07.12"]
[EventType "swiss"]
[EventCountry "SVK"]
[SourceTitle "playchess.com"]
[Source "ChessBase"]
[SourceQuality "1"]
[TimeControl "40/5400+30:1800+30"]

1. e4 c5 2. Nf3 e6 3. c3 d5 4. exd5 exd5 5. Bb5+ Bd7 6. Qe2+ Qe7 7. O-O Qxe2 8. Bxe2 Nc6 9. Re1 O-O-O 10. d4 Nf6 11. Bg5 Re8 12. Bxf6 gxf6 13. dxc5 Bxc5 14. Nbd2 Bb6 15. Rad1 Bf5 16. Nb3 Be4 17. Kf1 Rhg8 18. g3 f5 19. Nfd4 f4 20. f3 Bg6 21. g4 f5 22. h3 fxg4 23. hxg4 h5 24. Bb5 hxg4 25. fxg4 Be4 26. Nxc6 bxc6 27. Bxc6 Re5 28. Nd4 Bc7 29. Rd2 Rxg4 30. Rh2 Rg8 31. Bb5 Reg5 32. Ba6+ Kb8 33. Ke2 f3+ 34. Nxf3 Bxf3+ 35. Kxf3 Bxh2 0-1

[Event "Slovakia Open Piestany-A 2022"]
[Site "Piestany"]
[Date "2022.07.12"]
[Round "1.28"]
[White "Straka, Jozef"]
[Black "Pennica, Andrea"]
[Result "1-0"]
[ECO "A77"]
[WhiteElo "2300"]
[BlackElo "1986"]
[Annotator "ChessBase"]
[PlyCount "105"]
[EventDate "2022.07.12"]
[EventType "swiss"]
[EventCountry "SVK"]
[SourceTitle "playchess.com"]
[Source "ChessBase"]
[SourceQuality "1"]
[TimeControl "40/5400+30:1800+30"]

1. d4 Nf6 2. c4 c5 3. d5 e6 4. Nc3 exd5 5. cxd5 d6 6. Nf3 g6 7. Nd2 Bg7 8. e4 O-O 9. Be2 Re8 10. O-O a6 11. a4 Nbd7 12. Re1 Rb8 13. a5 Ne5 14. h3 g5 15. Nf1 h6 16. Ng3 Ng6 17. Ra3 Re5 18. Bg4 Nxg4 19. hxg4 b5 20. axb6 Rxb6 21. Nf5 Bxf5 22. gxf5 Nf8 23. Qe2 Nh7 24. Rxa6 Rb4 25. f3 g4 26. fxg4 Qh4 27. Ra8+ Nf8 28. Qf2 Qe7 29. Rf1 Qb7 30. f6 Bh8 31. Rxf8+ Kxf8 32. Qf4 Qc8 33. Qxh6+ Kg8 34. Qf4 Qd8 35. Rf3 Qxf6 36. Qxf6 Bxf6 37. Rxf6 Rb6 38. g5 Re7 39. g6 fxg6 40. Rxg6+ Kf7 41. Rh6 Kg7 42. Re6 Ra7 43. Kh2 Kg8 44. e5 Raa6 45. Rxd6 Rxd6 46. exd6 Rxd6 47. g4 Kf7 48. Kg3 Rf6 49. Ne4 Rf1 50. Bd2 Rd1 51. Kf4 Ke7 52. Ke5 Rf1 53. Nxc5 1-0

[Event "Slovakia Open Piestany-A 2022"]
[Site "Piestany"]
[Date "2022.07.11"]
[Round "1.29"]
[White "Sosovickova, Jana"]
[Black "Bochnicka, Vladimir"]
[Result "0-1"]
[ECO "A00"]
[WhiteElo "1958"]
[BlackElo "2295"]
[Annotator "ChessBase"]
[PlyCount "82"]
[EventDate "2022.07.12"]
[EventType "swiss"]
[EventCountry "SVK"]
[SourceTitle "playchess.com"]
[Source "ChessBase"]
[SourceQuality "1"]
[TimeControl "40/5400+30:1800+30"]

1. e4 c5 2. Nf3 Nc6 3. d4 cxd4 4. Nxd4 e5 5. Nb5 d6 6. c4 Be7 7. N1c3 a6 8. Na3 f5 9. exf5 Bxf5 10. Bd3 Be6 11. Nc2 Nf6 12. O-O O-O 13. Ne3 Qd7 14. Ned5 Rae8 15. b3 Bd8 16. Ba3 Kh8 17. Rc1 Nd4 18. Bb1 Nxd5 19. cxd5 Bg8 20. Be4 Rf4 21. g3 Rxe4 22. Nxe4 Bxd5 23. f3 Bb6 24. Kg2 Nf5 25. Rc3 Bd4 26. Rd3 Bc6 27. Re1 Bb5 28. Rd2 d5 29. Nf2 Rd8 30. Ng4 Qc7 31. Bb2 Bxb2 32. Rxb2 d4 33. Nxe5 Re8 34. Ng4 h5 35. Rxe8+ Bxe8 36. Qe1 Bc6 37. Qe5 Qf7 38. Qb8+ Kh7 39. Ne5 Ne3+ 40. Kg1 Qe6 41. Nxc6 Qxc6 0-1

[Event "Slovakia Open Piestany-A 2022"]
[Site "Piestany"]
[Date "2022.07.11"]
[Round "1.30"]
[White "Svana, Peter"]
[Black "Paluska, Karol"]
[Result "1-0"]
[ECO "A00"]
[WhiteElo "2280"]
[BlackElo "1957"]
[Annotator "ChessBase"]
[PlyCount "39"]
[EventDate "2022.07.12"]
[EventType "swiss"]
[EventCountry "SVK"]
[SourceTitle "playchess.com"]
[Source "ChessBase"]
[SourceQuality "1"]
[TimeControl "40/5400+30:1800+30"]

1. d4 Nf6 2. c4 e6 3. Nf3 b6 4. g3 Bb7 5. Bg2 c5 6. d5 d6 7. O-O Be7 8. dxe6 fxe6 9. Bh3 Bc8 10. Nc3 O-O 11. Ng5 Nc6 12. Bxe6+ Kh8 13. Nf7+ Rxf7 14. Bxf7 Bh3 15. Re1 Ng4 16. Bd5 Nd4 17. e3 Nf5 18. Ne4 Ne5 19. f3 h5 20. Nf2 1-0

[Event "Slovakia Open Piestany-A 2022"]
[Site "Piestany"]
[Date "2022.07.12"]
[Round "1.31"]
[White "Mizicka, Matus"]
[Black "Savitha Shri B"]
[Result "0-1"]
[ECO "B22"]
[WhiteElo "1915"]
[BlackElo "2278"]
[Annotator "ChessBase"]
[PlyCount "104"]
[EventDate "2022.07.12"]
[EventType "swiss"]
[EventCountry "SVK"]
[SourceTitle "playchess.com"]
[Source "ChessBase"]
[SourceQuality "1"]
[TimeControl "40/5400+30:1800+30"]

1. e4 c5 2. Nf3 e6 3. c3 Nf6 4. e5 Nd5 5. d4 cxd4 6. cxd4 Nc6 7. Be2 d6 8. O-O Qc7 9. Re1 Bd7 10. Na3 dxe5 11. Nb5 Qb6 12. dxe5 a6 13. Nd6+ Bxd6 14. exd6 Qc5 15. Bd3 Qxd6 16. Be4 Nce7 17. Bg5 Bc6 18. Qd4 f6 19. Bh4 e5 20. Bg3 Qb4 21. Bxe5 fxe5 22. Qxe5 O-O-O 23. Ng5 Nf6 24. a3 Qd4 25. Qxe7 Nxe4 26. Rxe4 Bxe4 27. Qxe4 Qd1+ 28. Qe1 Qxe1+ 29. Rxe1 Rhe8 30. Rc1+ Kb8 31. g3 h6 32. Nh3 Rd2 33. Rb1 Ree2 34. b4 g5 35. g4 Re4 36. Rb3 Rxg4+ 37. Kf1 Rgd4 38. Re3 Ka7 39. Re6 Rh4 40. Kg2 Rd3 41. Re3 Rhd4 42. Ng1 Rg4+ 43. Rg3 Rgxg3+ 44. hxg3 g4 45. Ne2 Rxa3 46. Nd4 Ra4 47. Nf5 Rxb4 48. Nxh6 a5 49. f4 gxf3+ 50. Kxf3 a4 51. Nf5 a3 52. Ne3 Rb3 0-1

[Event "Slovakia Open Piestany-A 2022"]
[Site "Piestany"]
[Date "2022.07.12"]
[Round "1.32"]
[White "Hrbek, Stepan"]
[Black "Saravanan Durga"]
[Result "1-0"]
[ECO "E52"]
[WhiteElo "2272"]
[BlackElo "1908"]
[Annotator "ChessBase"]
[PlyCount "59"]
[EventDate "2022.07.12"]
[EventType "swiss"]
[EventCountry "SVK"]
[SourceTitle "playchess.com"]
[Source "ChessBase"]
[SourceQuality "1"]
[TimeControl "40/5400+30:1800+30"]

1. d4 Nf6 2. c4 e6 3. Nc3 Bb4 4. e3 O-O 5. Bd2 d6 6. Nf3 d5 7. cxd5 b6 8. Be2 exd5 9. Bd3 Bb7 10. O-O Nbd7 11. Qc2 Be7 12. Ne5 c5 13. f4 cxd4 14. exd4 a6 15. Bf5 h6 16. Qd3 b5 17. g4 Nxe5 18. fxe5 Ne8 19. e6 fxe6 20. Bxe6+ Kh8 21. Rxf8+ Bxf8 22. g5 Nc7 23. Bf7 Qd7 24. Rf1 Qg4+ 25. Qg3 Qxg3+ 26. hxg3 hxg5 27. Bxg5 Bd6 28. Kg2 g6 29. Bf6+ Kh7 30. Rh1# 1-0

[Event "Slovakia Open Piestany-A 2022"]
[Site "Piestany"]
[Date "2022.07.12"]
[Round "2.1"]
[White "Demchenko, Anton"]
[Black "Niedbala, Bartlomiej"]
[Result "1/2-1/2"]
[ECO "B38"]
[WhiteElo "2653"]
[BlackElo "2381"]
[Annotator "ChessBase"]
[PlyCount "155"]
[EventDate "2022.07.12"]
[EventType "swiss"]
[EventCountry "SVK"]
[SourceTitle "playchess.com"]
[Source "ChessBase"]
[SourceQuality "1"]
[TimeControl "40/5400+30:1800+30"]

1. e4 c5 2. Nf3 g6 3. d4 cxd4 4. Nxd4 Bg7 5. c4 Nc6 6. Be3 Qb6 7. Nb5 Qa5+ 8. Bd2 Qd8 9. N1c3 a6 10. Na3 d6 11. Be2 Nd4 12. O-O Nf6 13. Nc2 Nxc2 14. Qxc2 O-O 15. Rac1 Be6 16. b3 Rc8 17. Qd3 Nd7 18. Nd5 Nc5 19. Qe3 Bd7 20. Bc3 Bxc3 21. Nxc3 a5 22. Rcd1 Qe8 23. f4 f6 24. h4 Kh8 25. e5 Bc6 26. Bg4 Rd8 27. Rfe1 Qf7 28. e6 Qg7 29. Nd5 Bxd5 30. Rxd5 f5 31. Bf3 h5 32. Rd2 Rb8 33. Bd5 b5 34. cxb5 Rxb5 35. Bc4 Rb6 36. Rd5 Qf6 37. g3 Rfb8 38. Rxc5 dxc5 39. Qxc5 Qc3 40. Kf2 Rd6 41. Re2 Qb4 42. Qc7 Rd1 43. a3 Qd6 44. Qxd6 Rxd6 45. a4 Kg7 46. Re5 Ra8 47. Ke3 Kf8 48. Rb5 Kg7 49. Bd5 Rad8 50. Bc4 Ra8 51. Rb7 Kf6 52. Rc7 Rdd8 53. Rc6 Ra7 54. Rb6 Raa8 55. Rb5 Ra6 56. Rb7 Raa8 57. Rb6 Ra7 58. Rc6 Raa8 59. Rc7 Rd6 60. Rc5 Rdd8 61. Bd5 Ra6 62. Rb5 Rad6 63. Bc4 Ra6 64. Re5 Ra7 65. Ke2 Rd6 66. Ke3 Rd8 67. Rd5 Raa8 68. Rc5 Ra7 69. Rb5 Raa8 70. Bd5 Ra6 71. Rc5 Rad6 72. Bc4 Ra8 73. Rc7 Rdd8 74. Rc6 Ra7 75. Rb6 Raa8 76. Rb7 Rd6 77. Rb5 Rdd8 78. Bd5 1/2-1/2

[Event "Slovakia Open Piestany-A 2022"]
[Site "Piestany"]
[Date "2022.07.12"]
[Round "2.2"]
[White "Czerw, Dawid"]
[Black "Donchenko, Alexander"]
[Result "1/2-1/2"]
[ECO "B19"]
[WhiteElo "2391"]
[BlackElo "2640"]
[Annotator "ChessBase"]
[PlyCount "128"]
[EventDate "2022.07.12"]
[EventType "swiss"]
[EventCountry "SVK"]
[SourceTitle "playchess.com"]
[Source "ChessBase"]
[SourceQuality "1"]
[TimeControl "40/5400+30:1800+30"]

1. e4 c6 2. d4 d5 3. Nc3 dxe4 4. Nxe4 Bf5 5. Ng3 Bg6 6. h4 h6 7. Nf3 Nd7 8. h5 Bh7 9. Bd3 Bxd3 10. Qxd3 e6 11. Bf4 Qa5+ 12. Bd2 Bb4 13. c3 Be7 14. c4 Qc7 15. d5 cxd5 16. cxd5 Qd6 17. Qb5 Ngf6 18. dxe6 Qxe6+ 19. Kf1 a6 20. Qf5 O-O 21. Qxe6 fxe6 22. Re1 Kf7 23. Nd4 Nc5 24. Bb4 Rfe8 25. Bxc5 Bxc5 26. Nf3 Rac8 27. Rh4 Bd6 28. Ne4 Bb8 29. Nxf6 gxf6 30. Rg4 Rg8 31. Rge4 Rge8 32. Nd4 Be5 33. Nf3 Bxb2 34. Rb4 Rc2 35. Rxb7+ Re7 36. Rb6 a5 37. Re2 Rc1+ 38. Re1 Rxe1+ 39. Kxe1 Ba3 40. Ke2 Rc7 41. Rb5 Rc2+ 42. Kd3 Rxf2 43. Rxa5 Be7 44. Ra7 e5 45. Nh4 Ke6 46. g4 Bc5 47. Ra4 Kd5 48. Nf5 Rf3+ 49. Ke2 e4 50. Nxh6 Rf2+ 51. Ke1 Rg2 52. Kf1 Rg1+ 53. Ke2 Rg2+ 54. Kf1 Rg1+ 55. Ke2 Ke5 56. Ra5 Rg2+ 57. Kf1 Rc2 58. Nf5 Kf4 59. h6 e3 60. Ra4+ Kf3 61. Nh4+ Kg3 62. Nf5+ Kf3 63. Nh4+ Kg3 64. Nf5+ Kf3 1/2-1/2

[Event "Slovakia Open Piestany-A 2022"]
[Site "Piestany"]
[Date "2022.07.12"]
[Round "2.3"]
[White "Moroni, Luca Jr"]
[Black "Marek, Matyas"]
[Result "1-0"]
[ECO "E62"]
[WhiteElo "2584"]
[BlackElo "2354"]
[Annotator "ChessBase"]
[PlyCount "59"]
[EventDate "2022.07.12"]
[EventType "swiss"]
[EventCountry "SVK"]
[SourceTitle "playchess.com"]
[Source "ChessBase"]
[SourceQuality "1"]
[TimeControl "40/5400+30:1800+30"]

1. c4 Nf6 2. Nc3 g6 3. g3 Bg7 4. Bg2 O-O 5. d4 d6 6. Nf3 Nc6 7. O-O Bf5 8. Nh4 Bd7 9. f4 Rb8 10. e4 e5 11. dxe5 dxe5 12. f5 Nd4 13. g4 h6 14. g5 Nh7 15. f6 Bh8 16. Nd5 Nxg5 17. Bxg5 hxg5 18. Nf3 Nxf3+ 19. Qxf3 Re8 20. Rad1 c6 21. Ne3 Qc8 22. Qg3 Be6 23. Qxg5 Rd8 24. Qxe5 Rxd1 25. Rxd1 Qf8 26. Qd4 b5 27. c5 Bxa2 28. e5 Qe8 29. Qd6 Rc8 30. Bh3 1-0

[Event "Slovakia Open Piestany-A 2022"]
[Site "Piestany"]
[Date "2022.07.12"]
[Round "2.4"]
[White "Favaloro, Andrea"]
[Black "Schitco, Ivan"]
[Result "1/2-1/2"]
[ECO "E65"]
[WhiteElo "2361"]
[BlackElo "2490"]
[Annotator "ChessBase"]
[PlyCount "55"]
[EventDate "2022.07.12"]
[EventType "swiss"]
[EventCountry "SVK"]
[SourceTitle "playchess.com"]
[Source "ChessBase"]
[SourceQuality "1"]
[TimeControl "40/5400+30:1800+30"]

1. Nf3 Nf6 2. g3 g6 3. Bg2 Bg7 4. d4 O-O 5. c4 d6 6. Nc3 c5 7. O-O Nc6 8. dxc5 dxc5 9. Be3 Be6 10. Qa4 Nd4 11. Rac1 a6 12. Ng5 Bd7 13. Qa3 Ng4 14. Bf4 h6 15. Nge4 g5 16. Bd2 Ne5 17. b3 Bc6 18. Rcd1 b6 19. f4 f5 20. Nf2 gxf4 21. Bxf4 Bxg2 22. Kxg2 Qd7 23. Bxe5 Bxe5 24. Nd3 Qb7+ 25. Nd5 Bg7 26. N3f4 e5 27. Ng6 Rf7 28. e3 1/2-1/2

[Event "Slovakia Open Piestany-A 2022"]
[Site "Piestany"]
[Date "2022.07.12"]
[Round "2.5"]
[White "Omelja, Artem"]
[Black "Straka, Jozef"]
[Result "1-0"]
[ECO "E14"]
[WhiteElo "2478"]
[BlackElo "2300"]
[Annotator "ChessBase"]
[PlyCount "127"]
[EventDate "2022.07.12"]
[EventType "swiss"]
[EventCountry "SVK"]
[SourceTitle "playchess.com"]
[Source "ChessBase"]
[SourceQuality "1"]
[TimeControl "40/5400+30:1800+30"]

1. Nf3 Nf6 2. c4 e6 3. b3 d5 4. e3 Be7 5. Bb2 b6 6. Nc3 Bb7 7. cxd5 exd5 8. d4 O-O 9. Bd3 Nbd7 10. O-O c5 11. Rc1 a6 12. dxc5 bxc5 13. Na4 Bd6 14. Nc3 Re8 15. Re1 Qe7 16. Bf1 Rad8 17. g3 Ne5 18. Nxe5 Bxe5 19. Bg2 d4 20. exd4 cxd4 21. Na4 Bxg2 22. Kxg2 Qd6 23. Nc5 d3 24. Nxd3 Bxb2 25. Rxe8+ Rxe8 26. Nxb2 Qa3 27. Nd3 h6 28. Rc2 Nd5 29. Qg4 Qd6 30. Rc8 Nf6 31. Rxe8+ Nxe8 32. Qc4 Nc7 33. b4 Ne6 34. Nc5 Nd4 35. Nb3 Nxb3 36. Qxb3 Qc6+ 37. Qf3 Qc4 38. a3 Qb5 39. h4 h5 40. Qa8+ Kh7 41. Qe4+ g6 42. Kf3 Qf1 43. Qc2 Qb5 44. Qb3 Qc6+ 45. Ke3 Qb6+ 46. Ke2 Qb5+ 47. Ke1 Kg8 48. a4 Qe5+ 49. Kf1 Qe4 50. Kg1 Qe1+ 51. Kg2 Qe4+ 52. Qf3 Qxb4 53. Qa8+ Kg7 54. Qxa6 Qe4+ 55. Kg1 Qe1+ 56. Qf1 Qa5 57. Qc4 Qe5 58. Qc6 Qa5 59. Kf1 Qe5 60. Qa8 g5 61. hxg5 Qxg5 62. Qe4 Qc5 63. Kg2 Kh6 64. Qe3+ 1-0

[Event "Slovakia Open Piestany-A 2022"]
[Site "Piestany"]
[Date "2022.07.12"]
[Round "2.6"]
[White "Bhambure, Shantanu"]
[Black "Kozak, Antoni"]
[Result "0-1"]
[ECO "D43"]
[WhiteElo "2320"]
[BlackElo "2475"]
[Annotator "ChessBase"]
[PlyCount "80"]
[EventDate "2022.07.12"]
[EventType "swiss"]
[EventCountry "SVK"]
[SourceTitle "playchess.com"]
[Source "ChessBase"]
[SourceQuality "1"]
[TimeControl "40/5400+30:1800+30"]

1. d4 Nf6 2. c4 e6 3. Nf3 d5 4. Nc3 c6 5. Bg5 h6 6. Bh4 dxc4 7. e4 g5 8. Bg3 b5 9. Be2 Bb7 10. O-O Nbd7 11. Ne5 h5 12. Nxd7 Qxd7 13. Be5 Rh6 14. Qc2 Ng4 15. Bxg4 hxg4 16. Rfd1 f6 17. Bg3 O-O-O 18. b3 f5 19. Be5 b4 20. Na4 c3 21. exf5 Qd5 22. Qe2 exf5 23. Nc5 Re8 24. Nxb7 Kxb7 25. a3 bxa3 26. Qc2 Rxe5 27. dxe5 Qxe5 28. g3 Bb4 29. Re1 Qc5 30. Rad1 Rd6 31. Rxd6 Qxd6 32. Rd1 Qe5 33. Qd3 Qd5 34. Qc2 Qe4 35. Rc1 Kb6 36. Qd1 Qd5 37. Qe2 Qd2 38. Rc2 Qxe2 39. Rxe2 Kc5 40. Kf1 Kd4 0-1

[Event "Slovakia Open Piestany-A 2022"]
[Site "Piestany"]
[Date "2022.07.12"]
[Round "2.7"]
[White "Gretarsson, Helgi Ass"]
[Black "Svana, Peter"]
[Result "1-0"]
[ECO "E91"]
[WhiteElo "2472"]
[BlackElo "2280"]
[Annotator "ChessBase"]
[PlyCount "85"]
[EventDate "2022.07.12"]
[EventType "swiss"]
[EventCountry "SVK"]
[SourceTitle "playchess.com"]
[Source "ChessBase"]
[SourceQuality "1"]
[TimeControl "40/5400+30:1800+30"]

1. c4 Nf6 2. Nf3 g6 3. Nc3 Bg7 4. e4 O-O 5. d4 d6 6. Be2 Bg4 7. Be3 Na6 8. h3 Bd7 9. O-O c6 10. Nd2 e5 11. d5 Ne8 12. Rb1 f5 13. exf5 gxf5 14. f4 Kh8 15. Nf3 Nac7 16. a3 Qe7 17. Qd2 e4 18. Nh2 c5 19. g4 Bf6 20. Kh1 Qg7 21. Rg1 Bd4 22. gxf5 Bxe3 23. Qxe3 Qd4 24. Qxd4+ cxd4 25. Nxe4 Bxf5 26. Bd3 Nf6 27. Nf2 Bd7 28. Rbe1 b5 29. b3 bxc4 30. bxc4 Na6 31. Re7 Nc5 32. Bb1 Rae8 33. Rxe8 Rxe8 34. Nf3 Re2 35. Ng5 Be8 36. Nd3 Nxd3 37. Bxd3 Re3 38. Rd1 Nh5 39. Ne6 Bf7 40. f5 Rxh3+ 41. Kg2 Re3 42. Kf2 Rh3 43. Ng5 1-0